Map: Polka LE

Players

qqq - Winner!

  • Race: Zerg Zerg
  • Spawn Location: 11:00

Massa - Winner!

  • Race: Terran Terran
  • League: Platinum
  • Spawn Location: 11:00

Lakon

  • Race: Zerg Zerg
  • Spawn Location: 5:00

Mikka

  • Race: Terran Terran
  • League: Platinum
  • Spawn Location: 5:00

VOD

Have the link to the VOD?

Description

Time

  • Played on: Oct. 27, 2020, 4:36 p.m.
  • Length: 7:53
Show
View Real Time Build Order
Export as new Build Order

qqq Zerg - Winner!

Build Orders: Hatch First 

Get SALT Encoding   

  12  0:02  Drone  
  13  0:09  Drone  
  14  0:36  Hatchery  
  14  0:40  Drone  
  14  0:56  Spawning Pool  
  13  1:04  Overlord  
  13  1:06  Drone  
  13  1:10  Extractor  
  13  1:14  Drone  
  14  1:23  Drone  
  15  1:36  Drone  
  16  1:43  Drone  
  17  1:47  Roach Warren  
  17  1:50  Drone  
  19  2:04  Drone  
  20  2:18  Lair  
  20  2:20  Queen  
  19  2:23  Drone  
  19  2:28  Drone  
  21  2:31  Roach  
  21  2:35  Drone  
  24  2:40  Drone  
  25  2:46  Roach  
  25  2:49  Drone  
  28  2:58  Overlord  
  28  3:13  Overlord  
  28  3:17  Glial Reconstitution  
  28  3:18  Overlord  
  28  3:23  Roach  
  30  3:48  Drone x2, Roach x2  
  34  3:49  Drone  
  33  4:19  Drone, Roach x3  
  33  4:20  Drone  
  39  4:33  Roach  
  39  4:34  Drone x2  
  43  4:39  Queen  
  45  4:52  Roach x2  
  49  4:53  Overlord  
  49  4:54  Drone  
  49  4:55  Queen  
  49  4:59  Hatchery  
  51  5:09  Hatchery, Overlord  
  51  5:10  Drone x2  
  51  5:11  Overlord  
  51  5:12  Overlord  
  52  5:23  Ravager  
  52  5:24  Roach x2  
  52  5:25  Drone  
  58  5:36  Extractor  
  57  6:01  Drone x4  
  57  6:02  Zergling x2, Roach  
  57  6:03  Zergling x2  
  65  6:05  Metabolic Boost  
  65  6:21  Drone  
  65  6:22  Drone x5  
  71  6:28  Queen  
  77  6:32  Roach  
  77  6:33  Roach  
  77  6:41  Drone x4  
  77  6:42  Evolution Chamber  
  77  6:44  Evolution Chamber  
  77  6:45  Extractor x2  
  77  6:49  Drone x3  
  77  6:51  Roach  
  82  7:02  Drone x3  
  82  7:03  Drone x3  
  88  7:11  Drone x3  
  88  7:12  Overlord  
  88  7:13  Overlord  
  91  7:20  Roach x2  
  91  7:22  Overlord x2  
  95  7:23  Overlord x2  
Show
View Real Time Build Order
Export as new Build Order

Massa Terran - Winner!

Build Orders:  

Get SALT Encoding   

  12  0:00  SCV  
  13  0:12  SCV  
  14  0:24  SCV, Supply Depot  
  15  0:30  Refinery  
  15  0:45  SCV  
  15  0:47  Barracks  
  16  0:57  SCV  
  17  1:07  Refinery  
  17  1:10  SCV  
  18  1:17  Supply Depot  
  18  1:22  SCV  
  19  1:34  SCV  
  19  1:37  Factory  
  20  1:46  Supply Depot  
  20  1:49  SCV  
  21  1:57  Reaper  
  22  2:05  Orbital Command  
  22  2:29  Marine  
  24  2:41  Hellion  
  25  2:47  Command Center  
  25  2:57  Barracks Reactor  
  25  3:02  Hellion  
  25  3:04  Starport  
  27  3:07  SCV  
  28  3:24  Hellion  
  26  3:43  Marine x2  
  27  3:50  Widow Mine  
  29  4:00  Marine x2  
  31  4:11  Widow Mine  
  31  4:18  Marine  
  32  4:24  SCV  
  33  4:32  Marine  
  33  4:35  Starport Tech Lab  
  33  4:36  SCV, Marine  
  32  5:24  Banshee  
  33  5:29  Refinery  
  33  5:32  Marine  
  33  5:33  Marine  
  32  5:37  Orbital Command  
  29  5:50  Marine x2  
  29  5:52  SCV  
  30  6:04  SCV  
  30  6:08  Marine x2  
  32  6:16  SCV  
  33  6:35  Marine  
  33  6:36  Marine  
  33  6:39  SCV x2  
  33  6:51  SCV x2  
  33  6:53  Marine x2  
  37  6:54  Command Center  
  37  7:02  Barracks x2, Engineering Bay  
  37  7:03  SCV  
  38  7:11  Marine  
Show
View Real Time Build Order
Export as new Build Order

Lakon Zerg 

Build Orders: Hatch First 

Get SALT Encoding   

  12  0:08  Overlord  
  12  0:13  Drone  
  13  0:16  Drone  
  14  0:26  Drone  
  15  0:30  Drone  
  16  0:40  Drone  
  17  0:56  Drone  
  18  0:58  Hatchery  
  18  0:59  Extractor  
  16  1:14  Drone, Spawning Pool  
  16  1:19  Drone  
  16  1:23  Drone  
  18  1:34  Drone  
  19  2:01  Zergling x2  
  19  2:02  Zergling x2  
  21  2:11  Queen  
  21  2:12  Queen  
  21  2:13  Drone  
  21  2:14  Drone  
  27  2:20  Metabolic Boost  
  27  2:25  Drone  
  27  2:27  Overlord  
  28  2:47  Drone  
  28  2:48  Drone x3  
  32  2:53  Queen x2  
  36  2:59  Overlord x2  
  36  3:26  Drone  
  37  3:27  Drone x7  
  37  3:30  Hatchery  
  43  3:55  Drone  
  44  3:57  Overlord x4  
  42  4:24  Zergling x22  
  43  4:30  Extractor  
  52  4:31  Extractor  
  52  4:34  Drone  
  52  4:37  Drone x3  
  55  4:52  Baneling Nest  
  54  4:54  Lair  
  43  5:18  Zergling x2  
  43  5:19  Zergling x22  
  55  5:24  Queen  
  57  5:30  Drone x2  
  57  5:31  Drone  
  57  5:33  Drone x2  
  62  5:43  Extractor  
  62  5:47  Spore Crawler  
  60  5:59  Centrifical Hooks, Queen  
  62  6:07  Drone x2, Evolution Chamber  
  62  6:10  Baneling x5, Evolution Chamber  
  62  6:11  Baneling x3  
  62  6:53  Drone x2  
  62  6:54  Drone  
  65  7:04  Drone x7  
  65  7:05  Drone x8  
  65  7:06  Drone x2  
  82  7:22  Spire  
Show
View Real Time Build Order
Export as new Build Order

Mikka Terran 

Build Orders:  

Get SALT Encoding   

  12  0:00  SCV  
  13  0:13  SCV  
  14  0:20  Supply Depot  
  14  0:25  SCV  
  15  0:37  Refinery  
  15  0:42  SCV  
  16  0:59  SCV  
  16  1:02  Barracks  
  17  1:09  Barracks  
  17  1:12  SCV  
  18  1:28  SCV  
  18  1:29  Refinery  
  19  1:40  SCV  
  20  1:53  SCV  
  21  1:55  Reaper  
  22  2:02  Reaper  
  23  2:15  Supply Depot  
  23  2:36  Reaper  
  25  2:38  Reaper  
  25  2:40  Factory  
  26  2:45  Orbital Command  
  25  3:08  Reaper  
  25  3:10  Reaper  
  26  3:54  Reaper x2  
  28  3:58  Factory Tech Lab  
  8  4:26  Reaper x2  
  8  4:30  SCV  
  11  4:32  Siege Tank  
  11  4:37  Supply Depot  
  14  4:42  SCV  
  15  4:54  SCV  
  15  4:58  Reaper x2  
  18  5:06  SCV  
  18  5:13  Command Center  
  18  5:19  SCV  
  16  5:54  Marine x2  
  18  5:58  SCV  
  19  6:10  SCV  
  19  6:14  Widow Mine  
  22  6:22  SCV  
  18  6:35  SCV  
  18  6:36  Widow Mine  
  21  6:45  SCV  
  21  6:47  SCV  
  23  6:57  SCV  
  23  6:59  SCV  
  25  7:09  SCV  
  25  7:11  SCV  
  25  7:16  Widow Mine  
  25  7:21  SCV  
Tags
 
Add a new tag
Caveats
  • Supply blocks, unpowered buildings, or Contaminate may cause inaccurate times.
  • Supply counts are checked every 10 seconds.